 Dungeon Crawl Stone Soup version 0.27-a0-543-gd81048afd2 (webtiles) character file.

Game seed: 14607512322431157557

359 Essalna the Firebug (level 6, -5/41 HPs)
             Began as a Demonspawn Fire Elementalist on Mar 7, 2021.
             Was an Initiate of Ashenzari.
             Slain by a worker ant (8 damage)
             ... on level 4 of the Dungeon.
             The game lasted 00:12:26 (5785 turns).

Essalna the Firebug (Demonspawn Fire Elementalist)  Turns: 5785, Time: 00:12:27

Health: -5/41      AC:  3    Str:  8    XL:     6   Next: 37%
Magic:  19/20      EV: 12    Int: 24    God:    Ashenzari [......]
Gold:   174        SH:  0    Dex: 14    Spells: 2/12 levels left

rFire    . . .     SeeInvis .   d - +0 dagger
rCold    . . .     Faith    .   (no shield)
rNeg     . . .     Spirit   .   a - +0 robe
rPois    .         Reflect  .   (no helmet)
rElec    .         Harm     .   (no cloak)
rCorr    .         Rampage  .   (no gloves)
Will     .....                  p - +0 pair of boots
Stlth    ++........             (no amulet)
HPRegen  0.13/turn              i - ring of magical power
MPRegen  0.17/turn              (no ring)

@: lethally poisoned (-5 -> -11)
A: talons 1, big brain 3
a: Renounce Religion


You were on level 4 of the Dungeon.
You worshipped Ashenzari.
Ashenzari was noncommittal.
You visited 2 branches of the dungeon, and saw 5 of its levels.

You collected 174 gold pieces.

Inventory:

Hand Weapons
 d - a +0 dagger (weapon)
Armour
 a - a +0 robe (worn)
 p - a +0 pair of boots (worn)
Jewellery
 i - a ring of magical power (left hand)
 k - a ring of protection from cold
 q - a ring of flight
Wands
 m - a wand of random effects (16)
 o - a wand of flame (15)
Scrolls
 c - a scroll of random uselessness
 e - 2 scrolls of identify
 f - 4 scrolls of magic mapping
 g - 3 scrolls of teleportation
 h - 4 scrolls of enchant weapon
 l - a scroll of amnesia
 n - a scroll of fear
Potions
 b - 5 potions of curing
 j - a potion of ambrosia


   Skills:
 - Level 1.7 Dodging
 - Level 1.7 Stealth
 + Level 3.9 Spellcasting
 + Level 3.7 Conjurations
 + Level 4.3 Fire Magic


You had 2 spell levels left.
You knew the following spells:

 Your Spells              Type           Power      Damage    Failure   Level
a - Foxfire               Conj/Fire      96%        2x1d8     1%          1
b - Sticky Flame          Conj/Fire      24%        2d5       8%          4
c - Fireball              Conj/Fire      12%        3d7       21%         5

Your spell library contained the following spells:

 Spells                   Type           Power      Damage    Failure   Level
 Conjure Flame            Conj/Fire      24%        6-21      2%          3
 Inner Flame              Hex/Fire       15%        N/A       4%          3


Dungeon Overview and Level Annotations

Branches:
Dungeon (4/15)             Temple (1/1) D:4

Altars:
Ashenzari
Elyvilon
Fedhas
Hepliaklqana
Nemelex Xobeh
Sif Muna
Uskayaw
Xom


Innate Abilities, Weirdness & Mutations

You have sharp toenails.
You have an absolutely massive brain. (Int +6, Wiz)


Message History

Casting: Foxfire (safe; 1% risk of failure)
Confirm with . or Enter, or press ? or * to list all spells.
You conjure some foxfire!
The worker ant bites you.
You are poisoned.
The worker ant poisons you!
You hit the worker ant but do no damage.
You feel sick.
The foxfire hits the worker ant.
The worker ant is moderately wounded.
The worker ant bites you but does no damage.
Casting: Foxfire (safe; 1% risk of failure)
Confirm with . or Enter, or press ? or * to list all spells.
You conjure some foxfire!
You feel sick. The worker ant bites you. x2
You are more poisoned.
The worker ant poisons you!
You hit the worker ant but do no damage.
The worker ant is moderately wounded.
You feel sick.
The foxfire hits the worker ant.
The worker ant is severely wounded.
The worker ant bites you!
You closely miss the worker ant.
The worker ant is severely wounded.
You feel sick. The worker ant bites you.
You hit the worker ant but do no damage.
The worker ant is severely wounded.
You feel sick. The worker ant bites you.
* * * LOW HITPOINT WARNING * * *
You hit the worker ant.
The worker ant is almost dead.
The worker ant bites you.
* * * LOW HITPOINT WARNING * * *
You closely miss the worker ant.
The worker ant is almost dead.
* * * LOW HITPOINT WARNING * * *
You feel sick. The worker ant closely misses you. The worker ant bites you.
* * * LOW HITPOINT WARNING * * *
You hit the worker ant but do no damage.
The worker ant is almost dead.
* * * LOW HITPOINT WARNING * * *
You feel sick. The worker ant bites you!
You die...

### ##.##
##...##### #######
#........###.......
##...###...@B#
##.## #######
##...# #.###.# #.#
.# #.###.# ##...#
####### ####.###
#.....## #......#
#..#...#


You could see a worker ant.

Vanquished Creatures
  An ogre (D:4)
  A bullfrog skeleton (D:4)
  An iguana (D:4)
  Ijyb (D:3)
  An orc wizard (D:2)
  A worker ant (D:4)
  A howler monkey skeleton (D:4)
  2 adders
  An ooze (D:2)
  2 worms
  3 dart slugs
  2 leopard geckos
  10 orcs
  9 bats
  2 giant cockroaches
  11 goblins
  8 hobgoblins
  10 jackals
  6 frilled lizards
  11 kobolds
  A quokka skeleton (D:4)
  10 rats
95 creatures vanquished.

Vanquished Creatures (others)
  394 foxfires
394 creatures vanquished.

Grand Total: 489 creatures vanquished

Notes
Turn   | Place    | Note
-------+----------+-------------------------------------------
     0 | D:1      | Essalna the Demonspawn Fire Elementalist began the quest
                  | for the Orb.
     0 | D:1      | Reached XP level 1. HP: 13/13 MP: 3/3
   160 | D:1      | Gained mutation: You have an unusually large brain. (Int
                  | +2) [demonic ancestry]
   160 | D:1      | Reached XP level 2. HP: 18/19 MP: 0/5
   305 | D:1      | Reached skill level 3 in Fire Magic
  1047 | D:1      | Reached XP level 3. HP: 24/24 MP: 3/6
  2134 | D:2      | Gained mutation: You have an extremely huge brain. (Int +4)
                  | [demonic ancestry]
  2134 | D:2      | Reached XP level 4. HP: 30/30 MP: 1/8
  3620 | D:3      | Learned a level 4 spell: Sticky Flame
  3846 | D:3      | Found a sparkling altar of Nemelex Xobeh.
  3964 | D:3      | Gained mutation: You have sharp toenails. [demonic
                  | ancestry]
  3964 | D:3      | Reached XP level 5. HP: 34/35 MP: 9/9
  4349 | D:3      | Noticed Ijyb
  4369 | D:3      | Killed Ijyb
  4510 | D:3      | Learned a level 5 spell: Fireball
  4610 | D:3      | Found a shimmering blue altar of Sif Muna.
  4783 | D:3      | Found a blossoming altar of Fedhas.
  4916 | D:4      | Noticed an ogre
  4924 | D:4      | Killed an ogre
  4925 | D:4      | Reached skill level 4 in Fire Magic
  5082 | D:4      | Found a staircase to the Ecumenical Temple.
  5099 | Temple   | Entered the Ecumenical Temple
  5183 | Temple   | Became a worshipper of Ashenzari the Shackled
  5211 | D:4      | Gained mutation: You have an absolutely massive brain. (Int
                  | +6, Wiz) [demonic ancestry]
  5211 | D:4      | Reached XP level 6. HP: 26/41 MP: 11/11
  5785 | D:4      | Slain by a worker ant

Illustrated notes

Levels and vault maps discovered:
D:1:      lightli_arrival_noodles, layout_basic, dk_noncrumbling_3
D:2:      layout_loops_ring
D:3:      layout_loops_ring, nemelex_xobeh_ov_fountains_minmay,
          lemuel_doored_altar, marbit_many_paths, uniq_ijyb
D:4:      layout_loops_cross, chequers_temple_overflow_minitemple,
          minmay_temple_entry_grid, dk_vineyard_1
Temple:   nicolae_temple_figure_eight

Skill      XL: |  1  2  3  4  5 |
---------------+----------------+-----
Fire Magic     | 3 4 |  4.3
Conjurations   | 2 3 |  3.7
Spellcasting   | 3 |  3.9
Dodging        | |  1.7
Stealth        | |  1.7

Action                   |  1- 3 |  4- 6 || total
-------------------------+-------+-------++-------
Melee: Unarmed           |    23 |       ||    23
       Dagger            |    33 |   101 ||   134
       Kick              |       |     6 ||     6
 Cast: Foxfire           |    84 |   165 ||   249
       Sticky Flame      |       |     1 ||     1
 Stab: Sleeping          |     1 |     1 ||     2
       Distracted        |     1 |       ||     1
Armor: Robe              |     9 |    22 ||    31
Dodge: Dodged            |    51 |    83 ||   134

Table legend: (Time is in decaauts)
 A = Elapsed time spent in this place.
 B = Non-inter-level travel time spent in this place.
 C = Inter-level travel time spent in this place.
 D = Time resting spent in this place.
 E = Time spent auto-exploring this place.
 F = Levels seen in this place.
 G = Mean time per level.
                   A        B        C        D        E       F      G
               +--------+--------+--------+--------+--------+-----+--------+
         Total |   5783 |   5684 |     99 |      0 |   4883 |   5 | 1156.6 |
       Dungeon |   5678 |   5598 |     80 |      0 |   4802 |   4 | 1419.5 |
        Temple |    104 |     85 |     19 |      0 |     81 |   1 |  104.0 |
               +--------+--------+--------+--------+--------+-----+--------+

Top non-repeatable levels by time:
     D:2: 1857 daAuts
     D:1: 1569 daAuts
     D:3: 1487 daAuts
     D:4: 764 daAuts
  Temple: 104 daAuts
